 Dungeon Crawl Stone Soup version 0.18-a0-1774-gce1f7b6 (webtiles) character file.

5174 Zhenya25pyc the Basher (level 10, 0/66 HPs)
             Began as a Gargoyle Fighter on Apr 15, 2016.
             Was a Priest of Okawaru.
             Killed by divine providence
             ... invoked by an orc priest
              (12 damage)
             ... on level 8 of the Dungeon.
             The game lasted 00:27:08 (6933 turns).

Zhenya25pyc the Basher (Gargoyle Fighter)           Turns: 6933, Time: 00:27:09

Health: 0/66       AC: 19    Str: 22    XL:     10   Next: 59%
Magic:  20/20      EV:  7    Int: 10    God:    Okawaru [***...]
Gold:   360        SH:  9    Dex:  9    Spells: 0 memorised, 9 levels left

rFire  x . .     SeeInvis .     w - +9 rapier of Res Nullius {pierce, rElec rPois rF- Stlth+}
rCold  . . .     Gourm    .     b - +0 scale mail
rNeg   + . .     Faith    +     c - +0 shield
rPois  ∞         Spirit   .     (no helmet)
rElec  +         Dismiss  .     (no cloak)
rCorr  .         Reflect  .     y - +1 pair of gloves
SustAt +         Harm     .     e - +0 pair of boots
MR     .....                    G - amulet of faith (curse)
Stlth  +.........               K - ring of magical power
                                I - ring of sustain attributes

@: not resistant to hostile enchantments, very unstealthy
A: high mp 1, negative energy resistance 1, electricity resistance, unbreathing,
petrification resistance, rot immunity, AC +7
a: Heroism, Renounce Religion


You were on level 8 of the Dungeon.
You worshipped Okawaru.
Okawaru was most pleased with you.
You were hungry.

You visited 2 branches of the dungeon, and saw 9 of its levels.

You collected 360 gold pieces.

Inventory:

Hand Weapons
 p - a +2 flail of crushing
 t - a +0 flail of protection
 w - the +9 rapier of Res Nullius (weapon) {pierce, rElec rPois rF- Stlth+}
   (You found it on level 6 of the Dungeon)

   It inflicts extra damage upon your enemies.
   It makes you vulnerable to fire.
   It insulates you from electricity.
   It protects you from poison.
   It makes you more stealthy.
Armour
 b - a +0 scale mail (worn)
 c - a +0 shield (worn)
 e - a +0 pair of boots (worn)
 y - a +1 pair of gloves (worn)
Jewellery
 G - a cursed amulet of faith (around neck)
 H - an uncursed amulet of regeneration
 I - a ring of sustain attributes (left hand)
 K - a ring of magical power (right hand)
Wands
 o - a wand of paralysis (7/24)
 x - a wand of iceblast (10/15)
Scrolls
 a - a scroll of blinking
 g - 2 scrolls of random uselessness
 h - a scroll of teleportation
 i - a scroll of noise {unknown}
 k - 3 scrolls of identify
 l - 4 scrolls of enchant armour
Potions
 d - 2 potions of might
 j - a potion of brilliance {unknown}
 m - a potion of haste {unknown}
 n - a potion of ambrosia {unknown}
 q - a potion of flight {unknown}
 v - 2 potions of heal wounds
 z - a potion of magic {unknown}
 A - 3 potions of lignification {unknown}
 B - a potion of mutation {unknown}
 C - 2 potions of berserk rage {unknown}
 D - 3 potions of curing
 E - 2 potions of cancellation {unknown}
Books
 u - a book of the Tempests

   Spells                             Type                      Level
   a - Static Discharge               Conjuration/Air              3
   b - Lightning Bolt                 Conjuration/Air              5
   c - Fireball                       Conjuration/Fire             5
   d - Tornado                        Air                          9
   e - Shatter                        Earth                        9
Comestibles
 f - 4 bread rations
 r - 2 beef jerkies
 s - 3 meat rations
 F - 2 fruits


   Skills:
 + Level 9.1 Fighting
 * Level 5.2 Short Blades
 - Level 9.3 Maces & Flails
 + Level 9.2 Armour
 - Level 3.2 Shields


You had 9 spell levels left.
You didn't know any spells.

Dungeon Overview and Level Annotations

Branches:
Dungeon (8/15)             Temple (1/1) D:4
   Lair: D:8-11

Altars:
Cheibriados
Dithmenos
Elyvilon
Fedhas
Gozag
Kikubaaqudgha
Nemelex Xobeh
Okawaru
Pakellas
Ru
Sif Muna
Trog
Xom
Yredelemnul

Shops:
D:4 =

Annotations:
D:5 1 runed door


Innate Abilities, Weirdness & Mutations

You are resistant to torment.
Your stone body is resilient (AC +7).
You are immune to poison.
You resist negative energy.
You are resistant to electric shocks.
You can survive without breathing.
You are immune to petrification.
You are immune to rotting.
You have an increased reservoir of magic (+10% MP).


Message History

Okawaru accepts your kill.
The orc warrior throws a tomahawk.
The tomahawk hits you.
You hit the orc priest.
The orc priest is heavily wounded.
You puncture the orc warrior!
The orc warrior is heavily wounded.
The orc priest calls upon Beogh to heal the orc warrior.
The orc warrior is healed somewhat.
You completely miss the orc warrior.
The orc warrior is moderately wounded.
The orc warrior hits you with a dire flail!
* * * LOW HITPOINT WARNING * * *
The orc priest miscasts a cantrip.
You hit the orc warrior.
The orc warrior is heavily wounded.
You are feeling hungry.
You block the orc warrior's attack.
The orc priest invokes the aid of Beogh against you.
Beogh smites you!
You die...

.......# ......#
#...<.# #.....#
#.....# #.....#
#.ooo.# ###o###
#@# #(# #(##
#.##()###
#...#...######
##.....#......##
##..............##
#................#
#................#


You could see an orc warrior, an orc priest and 2 orcs.

Vanquished Creatures
  Erolcha (D:8)
  Pikel (D:6)
  The ghost of SkaryMonk the Martial Artist, a novice OpTm of Dithmenos (D:7)
  The ghost of namelastname112 the Slasher, an amateur DrCK of Xom (D:4)
  Grinder (D:3)
  Prince Ribbit (D:6)
  Blork the orc (D:6)
  Sigmund (D:6)
  A hippogriff (D:7)
  Edmund (D:6)
  Duvessa (D:6)
  2 phantoms
  2 slaves (D:6)
  2 sky beasts
  2 ogres
  2 necrophages (D:5)
  3 centaurs
  A big kobold (D:7)
  6 giant frogs
  Dowan (D:6)
  3 killer bees (D:7)
  4 crimson imps
  A centaur zombie (D:7)
  6 hounds
  2 giant frog zombies (D:7)
  2 centaur skeletons
  Jessica (D:3)
  Natasha (twice) (D:4)
  5 orc wizards
  3 worker ants
  2 hound zombies
  7 adders
  3 oozes
  An adder skeleton (D:6)
  2 adder zombies
  2 worms
  A dart slug (D:5)
  7 giant geckos
  14 orcs
  4 giant cockroaches
  8 goblins
  11 hobgoblins
  14 jackals
  11 kobolds
  3 quokkas
  A ball python (D:5)
  5 bats
  A giant gecko skeleton (D:6)
  3 giant newts
  8 rats
169 creatures vanquished.

Vanquished Creatures (others)
  A slave (D:6)
  An orc (D:6)
2 creatures vanquished.

Grand Total: 171 creatures vanquished

Notes
Turn   | Place    | Note
--------------------------------------------------------------
     0 | D:1      | Zhenya25pyc the Gargoyle Fighter began the quest for the Orb.
     0 | D:1      | Reached XP level 1. HP: 14/14 MP: 1/1
    46 | D:1      | Reached XP level 2. HP: 16/19 MP: 2/2
   171 | D:1      | Reached XP level 3. HP: 18/23 MP: 3/3
   838 | D:2      | Found a shimmering altar of Xom.
  1046 | D:2      | Reached XP level 4. HP: 28/28 MP: 4/4
  1544 | D:3      | Found a faded altar to an unknown god.
  1664 | D:3      | Noticed Jessica
  1676 | D:3      | Killed Jessica
  1676 | D:3      | Reached XP level 5. HP: 17/33 MP: 5/5
  1712 | D:3      | Noticed Grinder
  1712 | D:3      | Paralysed by Grinder for 5 turns
  1731 | D:3      | Paralysed by Grinder for 7 turns
  1739 | D:3      | Paralysed by Grinder for 6 turns
  1750 | D:3      | Killed Grinder
  1750 | D:3      | Reached skill level 5 in Maces & Flails
  1750 | D:3      | Reached XP level 6. HP: 8/39 MP: 6/6
  1870 | D:4      | Found Wuvoosk's Jewellery Emporium.
  2146 | D:4      | Found a sacrificial altar of Ru.
  2188 | D:4      | Reached skill level 5 in Armour
  2194 | D:4      | Noticed Natasha
  2204 | D:4      | Killed Natasha
  2204 | D:4      | Reached XP level 7. HP: 40/44 MP: 7/7
  2208 | D:4      | Reached skill level 5 in Fighting
  2226 | D:4      | Noticed namelastname112's ghost (amateur DrCK)
  2253 | D:4      | Killed namelastname112's ghost
  2941 | D:4      | Noticed Natasha
  2945 | D:4      | Killed Natasha
  2960 | D:4      | Found a staircase to the Ecumenical Temple.
  2964 | Temple   | Entered the Ecumenical Temple
  3098 | Temple   | Became a worshipper of Warmaster Okawaru
  3308 | D:5      | Entered Level 5 of the Dungeon
  3341 | D:5      | Reached XP level 8. HP: 51/51 MP: 8/8
  3466 | D:5      | Found a white marble altar of Elyvilon.
  3466 | D:5      | Found a runed door.
  3466 | D:5      | Noticed an angel
  3669 | D:5      | Found an opulent altar of Gozag.
  3677 | D:5      | Found a snail-covered altar of Cheibriados.
  3681 | D:5      | Found a sparkling altar of Nemelex Xobeh.
  4084 | D:5      | Gained mutation: You have an increased reservoir of magic (+10% MP). [mutagenic meat]
  4816 | D:6      | Noticed Sigmund
  4825 | D:6      | Noticed Prince Ribbit
  4842 | D:6      | Killed Prince Ribbit
  4871 | D:6      | Killed Sigmund
  4871 | D:6      | Reached XP level 9. HP: 55/56 MP: 9/9
  4918 | D:6      | Reached * piety under Okawaru
  5210 | D:6      | Noticed Edmund
  5222 | D:6      | Killed Edmund
  5250 | D:6      | Noticed Pikel
  5282 | D:6      | Killed Pikel
  5337 | D:6      | Got an iridescent rapier
  5344 | D:6      | Identified the +9 rapier of Res Nullius {pierce, rElec rPois rF- Stlth+} (You found it on level 6 of the Dungeon)
  5429 | D:6      | Noticed Blork the orc
  5434 | D:6      | Killed Blork the orc
  5460 | D:6      | Noticed Duvessa
  5464 | D:6      | Noticed Dowan
  5468 | D:6      | Killed Duvessa
  5468 | D:6      | Reached skill level 1 in Short Blades
  5481 | D:6      | Killed Dowan
  5647 | D:6      | Found a bloodstained altar of Trog.
  5846 | D:7      | Noticed SkaryMonk's ghost (novice OpTm)
  5854 | D:7      | Killed SkaryMonk's ghost
  5854 | D:7      | Reached ** piety under Okawaru
  5854 | D:7      | Reached XP level 10. HP: 59/65 MP: 11/11
  6375 | D:7      | Reached *** piety under Okawaru
  6604 | D:8      | Noticed Erolcha
  6621 | D:8      | Killed Erolcha
  6621 | D:8      | Reached skill level 5 in Short Blades
  6933 | D:8      | Killed from afar by an orc priest

Vault maps used:
D:1:      erik_arrival_gehennom, minmay_misc_feat_doors
D:2:      kennysheep_flooded_box
D:3:      ecumenical_altar_1, uniq_jessica, uniq_grinder
D:4:      nicolae_ru_awakened_eye, temple_hall_moat, serial_shops, shop_statue,
          hangedman_decor_growths, uniq_natasha
D:5:      minmay_overflow_temple_star_quad, first_bread, lemuel_angel_altar
D:6:      nicolae_whirlpool, bloody_trog, minmay_crystal_water, sigmund_army,
          uniq_edmund, uniq_duvessa, uniq_blork_the_orc, uniq_prince_ribbit1,
          uniq_sigmund, uniq_pikel
D:7:      amalloy_card_club
D:8:      blue_anna_alchemist, uniq_psyche, uniq_erolcha
Temple:   nicolae_temple_figure_zero

Skill      XL: |  1  2  3  4  5  6  7  8  9 10 |
---------------+-------------------------------+-----
Maces & Flails | 3 4 5 6 8 9 |  9.3
Armour         | 4 5 7 8 9 |  9.2
Fighting       | 4 5 6 8 9 |  9.1
Short Blades   | 3 5 |  5.2
Shields        | |  3.2

Action                   |  1- 3 |  4- 6 |  7- 9 | 10-12 || total
-------------------------+-------+-------+-------+-------++-------
Melee: Flail             |   118 |   136 |   601 |       ||   855
       Rapier            |       |       |    50 |   135 ||   185
Evoke: Wand              |       |       |     2 |       ||     2
  Use: Scroll            |       |       |     6 |     6 ||    12
 Stab: Distracted        |       |     1 |       |       ||     1
  Eat: Chunk             |     1 |     4 |     8 |     4 ||    17
       Bread ration      |       |       |     1 |       ||     1
       Fruit             |       |       |     1 |       ||     1
Armor: Scale mail        |    78 |    61 |   398 |    69 ||   606
Dodge: Dodged            |    39 |    40 |   185 |    22 ||   286
Block: Shield            |    63 |    74 |   317 |    50 ||   504
